 Dungeon Crawl Stone Soup version 0.22-a0-322-g60b3cfd (webtiles) character file.

30 Kairos the Covered (level 3, 29/29 HPs)
             Began as a Human Fighter on Apr 3, 2018.
             Got out of the dungeon alive.
             The game lasted 00:00:47 (1054 turns).

Kairos the Covered (Human Fighter)                  Turns: 1054, Time: 00:00:49

Health: 29/29      AC:  6    Str: 16    XL:     3   Next: 37%
Magic:  3/3        EV:  6    Int:  8    God:
Gold:   25         SH:  9    Dex: 13    Spells: 2/2 levels left

rFire    . . .     SeeInvis .   a - +0 war axe
rCold    . . .     Gourm    .   c - +0 shield
rNeg     . . .     Faith    .   b - +0 scale mail
rPois    .         Spirit   .   (no helmet)
rElec    .         Reflect  .   (no cloak)
rCorr    .         Harm     .   (no gloves)
MR       .....                  (no boots)
Stlth    ..........             (no amulet)
HPRegen  0.09/turn              (no ring)
MPRegen  0.08/turn              (no ring)

@: no status effects
A: no striking features
a: no special abilities


You escaped.
You were hungry.

You visited 1 branch of the dungeon, and saw 2 of its levels.

You collected 25 gold pieces.

Inventory:

Hand Weapons
 a - a +0 war axe (weapon)
Armour
 b - a +0 scale mail (worn)
 c - a +0 shield (worn)
Scrolls
 h - a scroll of enchant armour {unknown}
 i - a scroll of teleportation {unknown}
 j - a scroll of fog {unknown}
 k - a scroll of remove curse {unknown}
 l - a scroll of identify {unknown}
Potions
 d - a potion of might
 e - 2 potions of flight {unknown}
 g - a potion of mutation {unknown}
Comestibles
 f - 5 rations


   Skills:
 + Level 3.4 Fighting
 + Level 2.3 Axes
 + Level 3.5 Armour
 + Level 0.1 Dodging
 + Level 3.0 Shields


You had 2 spell levels left.
You didn't know any spells.

Dungeon Overview and Level Annotations

Branches:
Dungeon (2/15)

Altars:


Message History

No target in view!
No target in view!
No target in view!
No target in view!
The goblin is too close now for your liking.
You block the goblin's attack.
You slash the goblin!
You kill the goblin!
No target in view!
No target in view!
No target in view!
No target in view!
No target in view!
No target in view!
You see here a club.
You are feeling hungry.
You can't go up here!
There is a staircase leading out of the dungeon here.
Are you sure you want to leave the Dungeon?
This will make you lose the game!
You have escaped!

....#########...(................
....'............................
....######......................#
....# ####..♣♣♣♣♣♣♣♣♣............
#..## #.....♣PP..PP..♣...........
##.####.....♣PP..P...♣...........
#.....#.....♣..PP...P♣...........
..###.+.....♣..P...PP♣...........
.##[#.#.....♣PP.@.P..♣..#........
.#.##.#.....♣P...PP..♣..#.###.###
..##..#.....♣...P..PP♣..#.# #.#
...)........♣..PP..PP♣..#.# #.#
#...##...#...♣♣♣♣♣♣♣♣♣..#.# #.#
#..###...#..............#.# #.#
..######.#......##......#.# #.#
....# #.####......######.# #.#
....####.####.##...### #.# #.#


There were no monsters in sight!

Vanquished Creatures
  An adder (D:2)
  A worm (D:2)
  A ball python (D:1)
  3 hobgoblins (D:1)
  3 jackals (D:1)
  A bat (D:1)
  3 goblins (D:1)
  3 kobolds
  2 rats (D:1)
18 creatures vanquished.

Notes
Turn   | Place    | Note
-------+----------+-------------------------------------------
     0 | D:1      | Kairos the Human Fighter began the quest for the Orb.
     0 | D:1      | Reached XP level 1. HP: 18/18 MP: 1/1
   142 | D:1      | You fall through a shaft!
   144 | D:2      | Reached XP level 2. HP: 24/24 MP: 2/2
   649 | D:1      | Reached XP level 3. HP: 29/29 MP: 3/3
  1054 | D:$      | Got out of the dungeon alive.

Vault maps used:
D:1:      scummos_arrival_checkerplants, kennysheep_small_spiral,
          minmay_bisected
D:2:      first_ration, nicolae_tso_swordbearing_angel

Action                   || total
-------------------------++-------
Melee: War axe           ||    58
Armor: Scale mail        ||    25
Dodge: Dodged            ||    12
Block: Shield            ||    41

Table legend:
 A = Spawn XP
 B = Non-spawn XP
 C = Spawn XP percentage of total XP
 D = Spawn monster count
 E = Non-spawn monster count
 F = Spawn count percentage of total count
 G = Total turns spent on level
                    A         B        C        D         E        F      G
               +---------+---------+-------+---------+---------+-------+---------
         Total |       0 |      44 |   0.0 |       0 |      18 |   0.0 |  1054
               +---------+---------+-------+---------+---------+-------+---------
           D:1 |       0 |      24 |   0.0 |       0 |      15 |   0.0 |   563
           D:2 |       0 |      20 |   0.0 |       0 |       3 |   0.0 |   491
               +---------+---------+-------+---------+---------+-------+---------
